 Dungeon Crawl Stone Soup version 0.15-b1-71-g5463ceb (webtiles) character file.

149 Broswagonist the Ruffian (level 5, 0/41 HPs)
             Began as a Draconian Transmuter on Aug 14, 2014.
             Killed from afar by an orc wizard (7 damage)
             ... with a magic dart
             ... on Level 3 of the Dungeon.
             The game lasted 00:08:37 (2223 turns).

Broswagonist the Ruffian (Draconian Transmuter)     Turns: 2223, Time: 00:08:37

HP   0/41        AC  2     Str 13      XL: 5   Next:  9%
MP   3/9         EV 20     Int 14      God:
Gold 152         SH  0     Dex 16      Spells:  2 memorised,  4 levels left

rFire  . . .     SeeInvis .       - Unarmed
rCold  . . .     Clarity  .     (armour unavailable)
rNeg   . . .     rCorr    .     (shield currently unavailable)
rPois  x         rRot     .     (helmet currently unavailable)
rElec  .         Spirit   .     (cloak currently unavailable)
SustAb .         Warding  .     r - melded +1 pair of gloves
rMut   .         Stasis   .     (boots currently unavailable)
Gourm  .                        (no amulet)
MR     .....                    (no ring)
                                (no ring)

@: spider-form (expiring), not resistant to hostile enchantments, very
unstealthy
A: unfitting armour, (cold-blooded), AC +5
a: End Transformation


You were on level 3 of the Dungeon.
You were hungry.
You were in spider-form.
You visited 1 branch of the dungeon, and saw 3 of its levels.

You collected 152 gold pieces.

Inventory:

Hand weapons
 c - a +1 dagger of holy wrath
 g - a -3 flail
 k - a +1 spear of piercing
Missiles
 b - 39 arrows
 h - 7 poisoned arrows
Armour
 r - a +1 pair of gloves (melded)
Comestibles
 a - 2 bread rations
 m - a chunk of rat flesh
 o - a meat ration
 s - a chunk of rat flesh
Scrolls
 e - a scroll of recharging {unknown}
 j - a scroll of enchant weapon {unknown}
 n - a scroll of magic mapping {unknown}
 q - a scroll of noise {unknown}
Jewellery
 f - an uncursed ring of magical power {unknown}
 i - a cursed amulet of resist mutation {unknown}
 l - an uncursed ring of sustain abilities {unknown}
Potions
 t - a potion of haste {unknown}
Books
 d - a book of Changes

   Spells                             Type                      Level
   *Beastly Appendage                 Transmutation                1
   Sticks to Snakes                   Transmutation                2
   *Spider Form                       Transmutation/Poison         3
   Ice Form                           Ice/Transmutation            4
   Blade Hands                        Transmutation                5


   Skills:
 + Level 2.1 Fighting
 - Level 0.6 Polearms
 * Level 2.9 Dodging
 + Level 3.6 Unarmed Combat
 - Level 2.0 Spellcasting
 * Level 3.6 Transmutations


You had 4 spell levels left.
You knew the following spells:

 Your Spells              Type           Power        Failure   Level  Hunger
a - Beastly Appendage     Trmt           ##....       17%         1    ##.....
b - Spider Form           Trmt/Pois      #.........   61%         3    ####...


Dungeon Overview and Level Annotations

Branches:
Dungeon (3/15)

Altars:


Innate Abilities, Weirdness & Mutations

((Your plain brown scales are hard (AC +5).))
Your body does not fit into most forms of armour.
((Your cold-blooded metabolism reacts poorly to cold.))


Message History

You have reached level 5!
You barely miss something. Something hits you.
You miss something. Something hits you but does no damage.
You closely miss something.
Your transformation is almost over.
You hear some strange, mumbled words.
The magic dart hits you!
You hit something but do no damage.
You hear some strange, mumbled words.
The puff of flame hits you!
You closely miss something. Something misses you.
You completely miss something.
You hear some strange, mumbled words.
The magic dart hits you!
* * * LOW HITPOINT WARNING * * *
You barely miss something. Something barely misses you.
You closely miss something.
You hear some strange, mumbled words.
The magic dart hits you!
You die...

# .. ###.. .# ...o #.# # ..o
..##. . #..# ### .(.. ..
#..# #.. ..# . ####..#
#.###.# # #.#.s)o.# #.##..#
#.#.#.###.###.##.##
#.#...###.#...##.# ##
#.###.......#....#####.
#.....###.....#........
#....## ####...........
#..##...#####..............
#..............####......%..
....#...####### #.........


You could see an orc.

Vanquished Creatures
  An orc wizard (D:3)
  Jessica (D:2)
  2 adders (D:2)
  3 gnolls (D:2)
  A worm (D:3)
  A giant gecko (D:2)
  3 oozes
  2 orcs (D:3)
  A ball python (D:1)
  5 bats
  3 giant cockroaches
  6 goblins
  4 hobgoblins
  6 jackals
  4 kobolds
  A quokka (D:2)
  2 giant newts (D:3)
  5 rats
51 creatures vanquished.

Notes
Turn   | Place    | Note
--------------------------------------------------------------
     0 | D:1      | Broswagonist, the Draconian Transmuter, began the quest for the Orb.
     0 | D:1      | Reached XP level 1. HP: 16/16 MP: 3/3
   375 | D:1      | Reached XP level 2. HP: 12/23 MP: 2/4
   942 | D:2      | Noticed Jessica
  1182 | D:2      | Reached XP level 3. HP: 4/28 MP: 6/6
  1440 | D:2      | Reached XP level 4. HP: 17/36 MP: 5/7
  1458 | D:2      | Learned a level 3 spell: Spider Form
  1851 | D:2      | Killed Jessica
  2215 | D:3      | Reached XP level 5. HP: 30/41 MP: 2/9
  2223 | D:3      | Killed from afar by an orc wizard

Action                   |  1- 3 |  4- 6 || total
-------------------------+-------+-------++-------
Melee: Unarmed           |    54 |   100 ||   154
       Dagger            |     2 |       ||     2
       Spear             |    35 |       ||    35
 Cast: Beastly Appendage |    21 |    13 ||    34
       Spider Form       |       |     2 ||     2
 Abil: End Transformatio |       |     1 ||     1
  Use: Scroll            |     2 |     1 ||     3
       Potion            |     2 |       ||     2
  Eat: Chunk             |     2 |     3 ||     5
